 Dungeon Crawl Stone Soup version 0.28-a0-239-g68911e0c57 (webtiles) character file.

Game seed: 11646939069203378420

585 robertstho the Ruffian (level 7, -1/100 HPs)
             Began as a Troll Berserker on Aug 23, 2021.
             Was a Priest of Trog.
             Slain by a killer bee (7 damage)
             ... on level 5 of the Dungeon.
             The game lasted 00:03:35 (3052 turns).

robertstho the Ruffian (Troll Berserker)            Turns: 3052, Time: 00:03:36

Health: -1/100     AC:  5    Str: 26    XL:     7   Next: 14%
Magic:  6/6        EV: 10    Int:  5    God:    Trog [***...]
Gold:   102        SH:  0    Dex:  9    Spells: 6/6 levels left

rFire   x . .      SeeInvis .     - Unarmed
rCold   + . .      Faith    .   (no shield)
rNeg    . . .      Spirit   .   a - +0 animal skin
rPois   .          Reflect  .   (helmet restricted)
rElec   .          Harm     .   i - +0 cloak
rCorr   .          Rampage  .   (gloves unavailable)
Will    .....                   (boots unavailable)
Stlth   ..........              (no amulet)
HPRegen 1.26/turn               f - ring of ice
MPRegen 0.10/turn               (no ring)

@: berserking, lethally poisoned (-1 -> -34), very quick
A: large, unfitting armour, claws 3, regeneration 1, shaggy fur 1, tough skin 1
a: Renounce Religion, Berserk, Trog's Hand


You were on level 5 of the Dungeon.
You worshipped Trog.
Trog was most pleased with you.
You visited 1 branch of the dungeon, and saw 5 of its levels.

You collected 154 gold pieces.
You spent 52 gold pieces at shops.

Inventory:

Armour
 a - a +0 animal skin (worn)
 i - a +0 cloak (worn)
Jewellery
 f - a ring of ice (left claw)
Wands
 b - a wand of charming (9)
 j - a wand of acid (5)
Scrolls
 c - 2 scrolls of silence
 d - a scroll of fear
 e - 2 scrolls of immolation
 g - 4 scrolls of fog
 k - a scroll of summoning {unknown}
 m - a scroll of enchant weapon {unknown}
 n - a scroll of enchant armour {unknown}
Potions
 h - a potion of lignification


   Skills:
 * Level 3.5 Fighting
 + Level 3.2 Dodging
 + Level 0.3 Stealth
 * Level 7.0 Unarmed Combat


You had 6 spell levels left.
You didn't know any spells.
Your spell library was empty.

Dungeon Overview and Level Annotations

Branches:
Dungeon (5/15)
 Temple: D:4-7

Altars:
Trog
Xom
Zin

Shops:
D:2 ?   D:3 [

Annotations:
D:2 scroll shop
D:3 114 robe


Innate Abilities, Weirdness & Mutations

You are too large for most types of armour.
You have claws for hands.
Your natural rate of healing is unusually fast.
You are covered in fur. (AC +1)
You have tough skin. (AC +1)


Message History

You are more poisoned.
The killer bee poisons you! The killer bee closely misses you. x2
The killer bee stings you but does no damage.
The killer bee stings you.
You are too injured to fight recklessly!
You are too injured to fight recklessly!
Unknown command.
You are too injured to fight recklessly!
Unknown command.
You are too injured to fight recklessly!
Unknown command.
You are too injured to fight recklessly!
You are too injured to fight recklessly!
Unknown command.
You are too injured to fight recklessly!
You claw the killer bee!
You kill the killer bee!
Trog accepts your kill.
You feel very sick. The killer bee stings you.
You are more poisoned.
The killer bee poisons you! The killer bee barely misses you.
The killer bee stings you.
* * * LOW HITPOINT WARNING * * *
The killer bee stings you.
* * * LOW HITPOINT WARNING * * *
You are more poisoned.
The killer bee poisons you!
Your Unarmed Combat skill increases to level 7!
You closely miss the killer bee.
* * * LOW HITPOINT WARNING * * *
You feel extremely sick. The killer bee closely misses you.
The killer bee stings you!
* * * LOW HITPOINT WARNING * * *
You are more poisoned.
The killer bee poisons you! The killer bee misses you. x2
* * * LOW HITPOINT WARNING * * *
You feel extremely sick. The killer bee closely misses you.
The killer bee stings you!
You die...

.... #$.# ....
#..## .... ###..###
#.yyy.⌠# ##yy###
#.@(..# #8..8##
#...## #.### #.#
#.# #.# #########
#.# #<.......
#.#########.#######


You could see 5 killer bees.

Vanquished Creatures
  A necrophage (D:3)
  A scorpion (D:4)
  A killer bee (D:5)
  2 hounds (D:4)
  2 orc priests
  Natasha (thrice) (D:2)
  2 iguanas (D:4)
  An orc wizard (D:4)
  4 adders
  A worm (D:2)
  3 dart slugs
  9 orcs
  9 ball pythons
  2 bats
  5 endoplasms
  6 giant cockroaches
  4 goblins
  8 hobgoblins
  2 jackals (D:1)
  8 quokkas
  7 frilled lizards
  5 kobolds
  4 rats
90 creatures vanquished.

Vanquished Creatures (others)
  A wizard (D:4)
1 creature vanquished.

Grand Total: 91 creatures vanquished

Notes
Turn   | Place    | Note
-------+----------+-------------------------------------------
     0 | D:1      | robertstho the Troll Berserker began the quest for the Orb.
     0 | D:1      | Reached XP level 1. HP: 22/22 MP: 0/0
    99 | D:1      | Reached XP level 2. HP: 29/29 MP: 1/1
   621 | D:1      | Reached XP level 3. HP: 36/36 MP: 2/2
   709 | D:1      | Reached ** piety under Trog
   859 | D:2      | Noticed Natasha
   866 | D:2      | Killed Natasha
   867 | D:2      | Reached skill level 4 in Unarmed Combat
   898 | D:2      | Reached XP level 4. HP: 45/45 MP: 3/3
  1381 | D:2      | Found a faded altar of an unknown god.
  1408 | D:2      | Noticed Natasha
  1417 | D:2      | Killed Natasha
  1463 | D:2      | Found Risemeze's Magic Scroll Shop.
  1471 | D:2      | Bought a scroll of fog for 26 gold pieces
  1471 | D:2      | Bought a scroll of identify for 26 gold pieces
  1471 | D:2      | Noticed Natasha
  1477 | D:2      | Killed Natasha
  1478 | D:2      | Reached XP level 5. HP: 41/53 MP: 4/4
  1841 | D:3      | Found Itiapnu's Antique Armour Shoppe.
  1869 | D:3      | Reached skill level 5 in Unarmed Combat
  1949 | D:3      | Found a glowing silver altar of Zin.
  1949 | D:3      | Noticed an angel
  1950 | D:3      | Found a shimmering altar of Xom.
  2007 | D:3      | Noticed a necrophage
  2016 | D:3      | Killed a necrophage
  2158 | D:3      | Reached XP level 6. HP: 50/61 MP: 5/5
  2373 | D:4      | Reached *** piety under Trog
  2451 | D:4      | Reached skill level 6 in Unarmed Combat
  2548 | D:4      | Found a bloodstained altar of Trog.
  2553 | D:4      | Noticed a wizard
  2558 | D:4      | Killed a wizard
  2888 | D:4      | Reached XP level 7. HP: 49/67 MP: 6/6
  3014 | D:5      | Entered Level 5 of the Dungeon
  3051 | D:5      | Reached skill level 7 in Unarmed Combat
  3052 | D:5      | Slain by a killer bee

Illustrated notes

Levels and vault maps discovered:
D:1:      dpeg_arrival_rhombi, layout_loops_ring, chequers_arboretum,
          st_stairs_6
D:2:      layout_loops_ring, serial_shops,
          nicolae_shop_temple_entry_statues_fountains,
          dilly_ecumenical_altar_fadedgnrine, uniq_natasha
D:3:      layout_basic, grunt_temple_overflow_order_and_chaos_1, serial_shops,
          shop
D:4:      layout_loops_ring, trog_wizard
D:5:      layout_loops_ring, minitemple, minmay_temple_entry_mini_moons

Skill      XL: |  1  2  3  4  5  6  7 |
---------------+----------------------+-----
Fighting       | 3 |  3.5
Unarmed Combat | 4 5 6 7 |  7.0
Dodging        | 3 |  3.2
Stealth        | |  0.3

Action                   |  1- 3 |  4- 6 |  7- 9 || total
-------------------------+-------+-------+-------++-------
Melee: Unarmed           |    75 |   122 |     7 ||   204
       Punch             |     2 |       |       ||     2
Invok: Berserk           |       |     1 |     1 ||     2
  Use: Scroll            |       |     5 |       ||     5
 Stab: Sleeping          |       |     1 |       ||     1
Armor: Animal skin       |    18 |    26 |     1 ||    45
Dodge: Dodged            |    33 |    31 |    11 ||    75

Table legend: (Time is in decaauts)
 A = Elapsed time spent in this place.
 B = Non-inter-level travel time spent in this place.
 C = Inter-level travel time spent in this place.
 D = Time resting spent in this place.
 E = Time spent auto-exploring this place.
 F = Levels seen in this place.
 G = Mean time per level.
                   A        B        C        D        E       F      G
               +--------+--------+--------+--------+--------+-----+--------+
         Total |   3039 |   2943 |     96 |      0 |   2443 |   5 |  607.8 |
       Dungeon |   3039 |   2943 |     96 |      0 |   2443 |   5 |  607.8 |
               +--------+--------+--------+--------+--------+-----+--------+

Top non-repeatable levels by time:
     D:1: 846 daAuts
     D:2: 756 daAuts
     D:3: 725 daAuts
     D:4: 673 daAuts
     D:5: 36 daAuts
